Map: King Sejong Station LE

Players

DugeHick - Winner!

  • Race: Terran Terran
  • League: Diamond

ultralisk

  • Race: Zerg Zerg
  • League: Diamond

VOD

Have the link to the VOD?

Description

Time

  • Played on: July 26, 2016, 5:35 a.m.
  • Length: 11:34
Show
View Real Time Build Order
Export as new Build Order

DugeHick Terran - Winner!

Build Orders: Reaper Expand 

Get SALT Encoding   

  12  0:01  SCV  
  13  0:13  SCV  
  14  0:19  Supply Depot  
  14  0:26  SCV  
  15  0:40  SCV  
  16  0:43  Barracks  
  16  0:46  Refinery  
  16  0:54  SCV  
  17  1:06  SCV  
  18  1:18  SCV  
  19  1:31  Reaper  
  20  1:32  Orbital Command  
  20  1:45  Command Center  
  20  1:56  Supply Depot  
  20  2:03  SCV  
  20  2:04  Marine  
  22  2:12  Factory  
  22  2:22  Marine  
  23  2:24  Bunker  
  23  2:25  SCV  
  24  2:39  Marine  
  25  2:52  SCV  
  25  2:57  Marine  
  27  3:02  Factory Tech Lab, Starport  
  27  3:05  Refinery  
  27  3:07  Supply Depot  
  27  3:10  Orbital Command  
  27  3:15  Marine  
  28  3:33  Marine  
  29  3:34  Siege Tank  
  31  3:45  Supply Depot  
  31  3:46  SCV x2  
  33  4:02  Marine  
  34  4:03  Medivac  
  34  4:07  Supply Depot  
  35  4:12  Supply Depot  
  35  4:13  SCV x2  
  35  4:15  Siege Tank  
  40  4:21  Marine  
  41  4:34  Medivac  
  41  4:35  SCV x2  
  45  4:39  Marine  
  46  4:49  Refinery  
  46  4:51  Barracks  
  46  4:52  Barracks  
  46  4:56  Siege Tank  
  46  4:57  Marine  
  50  5:04  Supply Depot  
  50  5:05  Liberator  
  50  5:09  Supply Depot  
  50  5:15  Marine  
  50  5:17  SCV x2  
  56  5:29  SCV x2  
  56  5:33  Supply Depot  
  58  5:36  Barracks Reactor, Engineering Bay  
  58  5:48  SCV x2  
  58  5:49  Barracks Reactor, Barracks Tech Lab  
  49  6:00  SCV x2  
  49  6:03  Supply Depot  
  48  6:12  SCV x2  
  50  6:25  SCV x2  
  49  6:33  Marine x5  
  49  6:34  Siege Tank  
  49  6:35  Starport Reactor  
  57  6:52  Stimpack  
  57  6:53  Terran Infantry Weapons Level 1  
  57  6:54  Engineering Bay  
  57  6:56  Supply Depot, SCV  
  57  7:00  Marine x2  
  60  7:03  SCV  
  58  7:16  Factory  
  58  7:17  Factory Reactor  
  58  7:27  SCV x2  
  58  7:28  Marine x5  
  65  7:32  Terran Infantry Armor Level 1  
  65  7:41  SCV x2  
  65  7:42  Medivac  
  69  7:46  Marine  
  69  7:47  Refinery  
  70  7:57  Supply Depot  
  70  8:14  Marine x5  
  70  8:15  Widow Mine x2  
  70  8:16  Medivac, Factory Reactor  
  81  8:32  Marine x3  
  84  8:34  Marine x2  
  84  8:35  SCV x2  
  88  8:43  Widow Mine x2  
  92  8:49  Marine x2  
  92  8:50  Marine  
  76  9:01  Marine x2  
  68  9:05  Widow Mine x2, Medivac  
  68  9:06  Medivac, SCV  
  68  9:07  Marine x3  
  80  9:17  SCV  
  80  9:19  Marine x2, SCV  
  83  9:25  Marine x2  
  83  9:31  Widow Mine, Marine  
  86  9:32  Widow Mine  
  86  9:33  SCV  
  86  9:34  SCV  
  86  9:36  Marine  
  86  9:37  Marine  
  92  9:53  Widow Mine x2, Marine x3  
  92  9:54  Medivac, Marine x2  
  103  10:00  Widow Mine  
  98  10:10  Widow Mine  
  98  10:14  Marine x2  
  98  10:15  Marine x3  
  98  10:17  SCV x2  
  103  10:22  Widow Mine  
  105  10:32  Marine  
  104  10:45  Marine x4  
  104  10:46  Widow Mine x3  
  114  10:50  Widow Mine  
  114  10:52  Marine  
  114  10:54  Medivac x2, SCV  
  122  11:03  Marine  
Show
View Real Time Build Order
Export as new Build Order

ultralisk Zerg 

Build Orders: Hatch First, Zergling Baneling 

Get SALT Encoding   

  12  0:03  Drone  
  13  0:13  Overlord  
  13  0:18  Drone  
  14  0:31  Drone  
  14  0:32  Drone  
  16  0:46  Overlord x2  
  16  1:00  Drone  
  17  1:09  Hatchery  
  16  1:13  Drone  
  17  1:19  Drone  
  17  1:25  Extractor  
  17  1:32  Drone, Spawning Pool  
  17  1:44  Drone  
  18  1:51  Drone  
  19  2:03  Drone  
  20  2:12  Drone  
  21  2:21  Queen x2  
  21  2:22  Zergling x2  
  26  2:31  Drone  
  26  2:33  Drone  
  28  2:38  Metabolic Boost  
  29  2:51  Zergling x6  
  31  3:04  Baneling Nest  
  31  3:05  Zergling x6  
  33  3:40  Drone  
  33  3:41  Drone x10  
  43  3:45  Overlord  
  43  3:56  Pneumatized Carapace  
  43  4:00  Extractor  
  43  4:01  Evolution Chamber  
  41  4:08  Zergling x8  
  45  4:39  Baneling x4  
  45  4:41  Baneling x4  
  45  4:47  Drone x3  
  45  4:49  Zergling x2  
  45  4:50  Zergling x4  
  45  4:51  Overlord x3  
  51  5:04  Hatchery  
  48  5:17  Drone x5  
  48  5:18  Drone  
  54  5:21  Extractor  
  54  5:22  Extractor  
  54  5:27  Baneling  
  54  5:28  Baneling x3  
  52  5:45  Queen  
  54  5:56  Zergling x2  
  53  5:57  Zergling x18  
  48  6:41  Zergling x2  
  48  6:42  Zergling x14  
  55  7:18  Baneling x13  
  55  7:19  Baneling x7, Zergling x2  
  55  7:20  Zergling x10  
  61  7:23  Zergling x6  
  64  7:34  Zerg Missile Weapons Level 1  
  64  7:35  Roach Warren  
  63  7:56  Zergling x6  
  63  7:57  Overlord x4  
  66  8:05  Lair  
  66  8:14  Overlord  
  66  8:15  Overlord x2  
  66  8:16  Roach  
  66  8:17  Roach x5  
  78  8:20  Queen  
  78  8:23  Drone  
  81  8:28  Drone x4  
  40  9:04  Roach  
  40  9:05  Roach x11  
  60  9:29  Spawning Pool  
  34  10:42  Zergling x2  
  35  10:43  Zergling x20  
  35  10:45  Overseer  
Tags
 
Add a new tag
Caveats
  • Supply blocks, unpowered buildings, or Contaminate may cause inaccurate times.
  • Supply counts are checked every 10 seconds.